 Dungeon Crawl Stone Soup version 0.23.2-1-ga50397a (webtiles) character file.

Game seed: 16143991403107112355

32 Iscandelvey the Vexing (level 3, 26/26 HPs)
             Began as a Demonspawn Arcane Marksman on Apr 17, 2019.
             Quit the game on level 1 of the Dungeon.
             The game lasted 00:00:40 (417 turns).

Iscandelvey the Vexing (Demonspawn Arcane Marksman)  Turns: 417, Time: 00:00:42

Health: 26/26      AC:  2    Str: 10    XL:     3   Next: 8%
Magic:  4/4        EV: 12    Int: 15    God:
Gold:   26         SH:  0    Dex: 13    Spells: 3/4 levels left

rFire    . . .     SeeInvis .   a - +0 hand crossbow
rCold    . . .     Gourm    .   (no shield)
rNeg     . . .     Faith    .   e - +0 robe
rPois    .         Spirit   .   (no helmet)
rElec    .         Reflect  .   (no cloak)
rCorr    .         Harm     .   (no gloves)
MR       .....                  (no boots)
Stlth    ++........             (no amulet)
HPRegen  0.08/turn              (no ring)
MPRegen  0.09/turn              (no ring)

@: no status effects
A: nightstalker 1, powered by pain 1
a: no special abilities


You were on level 1 of the Dungeon.
You were not hungry.

You visited 1 branch of the dungeon, and saw 1 of its levels.

You collected 26 gold pieces.

Inventory:

Hand Weapons
 a - a +0 hand crossbow (weapon)
Missiles
 d - 11 bolts (quivered)
Armour
 e - a +0 robe (worn)
Jewellery
 g - a cursed amulet of inaccuracy {unknown}
Scrolls
 c - a scroll of identify {unknown}
 i - a scroll of noise {unknown}
 j - a scroll of amnesia {unknown}
 k - a scroll of magic mapping {unknown}
Potions
 b - a potion of degeneration {unknown}
 h - a potion of flight {unknown}
Comestibles
 f - 3 rations


   Skills:
 + Level 1.2 Fighting
 + Level 2.5 Crossbows
 + Level 1.9 Dodging
 + Level 1.0 Spellcasting
 + Level 3.5 Hexes


You had 3 spell levels left.
You knew the following spells:

 Your Spells              Type           Power        Failure   Level  Hunger
a - Corona                Hex            ##.....      6%          1    ##.....

Your spell library contained the following spells:

 Spells                   Type           Power        Failure   Level  Hunger
 Slow                     Hex            ##......     9%          2    ###....
 Inner Flame              Hex/Fire       #.......     34%         3    ####...
 Portal Projectile        Hex/Tloc       #.....       34%         3    ####...
 Cause Fear               Hex            ##........   50%         4    #####..
 Leda's Liquefaction      Hex/Erth       #.........   75%         4    #####..


Dungeon Overview and Level Annotations

Branches:
Dungeon (1/15)

Altars:


Innate Abilities, Weirdness & Mutations

You are slightly more attuned to the shadows.
You sometimes gain a little power by taking damage.


Message History

d - 11 bolts (gained 2)
You see here a bat corpse.
d - 12 bolts (gained 1)
j - a scroll labeled KESERCHECZIFF No target in view!
You open the door.
There is an open door here.
There is a stone staircase leading down here.
You open the door.
There is an open door here.
You open the door.
There is an open door here.
A hobgoblin comes into view. It is wielding a -1 club.
Firing (i - inventory)
d - 12 bolts (quivered)
Press: ? - help, Shift-Dir - straight line, f - hobgoblin
Aim: a hobgoblin, wielding a -1 club (resting)
You shoot a bolt. The bolt hits the hobgoblin!
You kill the hobgoblin!
k - a scroll labeled MUHA FUDOGRU Are you sure you want to abandon this character and quit the game? (Confirm with "yes".)

.#######......#
>## #......#
..# #......#
..# #......#
..# #......#
..# #......#
..#
#......#######
..#
#....).......#
..#
#####....@...#
..# #........#
..# #........#
..# #........#
..# #........#
..# #........#
..# #........#
###


There were no monsters in sight!

Vanquished Creatures
  2 dart slugs (D:1)
  3 leopard geckos (D:1)
  2 giant cockroaches (D:1)
  3 goblins (D:1)
  4 hobgoblins (D:1)
  2 bats (D:1)
  A frilled lizard (D:1)
  3 kobolds (D:1)
  5 rats (D:1)
25 creatures vanquished.

Notes
Turn   | Place    | Note
-------+----------+-------------------------------------------
     0 | D:1      | Iscandelvey the Demonspawn Arcane Marksman began the quest
                  | for the Orb.
     0 | D:1      | Reached XP level 1. HP: 15/15 MP: 2/2
    57 | D:1      | Gained mutation: You sometimes gain a little power by
                  | taking damage. [demonic ancestry]
    57 | D:1      | Reached XP level 2. HP: 18/21 MP: 3/3
   267 | D:1      | Gained mutation: You are slightly more attuned to the
                  | shadows. [demonic ancestry]
   267 | D:1      | Reached XP level 3. HP: 26/26 MP: 4/4
   417 | D:1      | Quit the game

Skill      XL: |  1 |
---------------+----+-----
Crossbows      | 2 |  2.5
Fighting       | |  1.2
Dodging        | |  1.9
Spellcasting   | |  1.0
Hexes          | |  3.5

Action                   || total
-------------------------++-------
 Fire: Hand crossbow     ||    55
Armor: Robe              ||     2
Dodge: Dodged            ||    13
